 Dungeon Crawl Stone Soup version 0.27-a0-1513-g2aaa0cc67b (webtiles) character file.

Game seed: 13508622458714858473

886 quinnr the Zephyrmancer (level 8, -2/41 HPs)
             Began as a Tengu Air Elementalist on July 10, 2021.
             Slain by a bullfrog zombie (4 damage)
             ... on level 5 of the Dungeon.
             The game lasted 00:11:36 (7119 turns).

quinnr the Zephyrmancer (Tengu Air Elementalist)    Turns: 7119, Time: 00:11:37

Health: -2/41      AC:  2    Str:  6 (8)  XL:     8   Next: 5%
Magic:  2/14       EV: 14    Int: 16 (17) God:
Gold:   166        SH:  0    Dex: 15 (16) Spells: 7/14 levels left

rFire    + . .     SeeInvis .   g - +1 whip
rCold    . . .     Faith    .   (no shield)
rNeg     . . .     Spirit   .   a - +0 robe
rPois    .         Reflect  .   (helmet restricted)
rElec    .         Harm     .   (no cloak)
rCorr    .         Rampage  .   (no gloves)
Will     .....                  (boots unavailable)
Stlth    ++........             (no amulet)
HPRegen  0.13/turn              i - ring of protection from fire
MPRegen  0.14/turn              (no ring)

@: mighty, flying quickly and evasively, quick
A: beak, talons 3, nimble flight
a: no special abilities


You were on level 5 of the Dungeon.
You visited 1 branch of the dungeon, and saw 5 of its levels.

You collected 194 gold pieces.
You spent 28 gold pieces at shops.

Inventory:

Hand Weapons
 g - a +1 whip (weapon)
Missiles
 b - 9 poisoned darts
 s - 5 atropa-tipped darts
Armour
 a - a +0 robe (worn)
Jewellery
 i - a ring of protection from fire (left hand)
Wands
 j - a wand of flame (14)
 p - a wand of iceblast (14)
Scrolls
 c - 2 scrolls of amnesia {unknown}
 d - 3 scrolls of fear {unknown}
 f - 2 scrolls of teleportation {unknown}
 h - 2 scrolls of noise
 o - a scroll of silence
 q - a scroll of identify {unknown}
Potions
 e - a potion of might
 k - 3 potions of degeneration
 l - a potion of berserk rage {unknown}
 m - 2 potions of attraction {unknown}
 n - a potion of haste {unknown}
 r - a potion of heal wounds {unknown}


   Skills:
 - Level 2.1 Dodging
 - Level 2.0 Stealth
 + Level 3.5 Spellcasting
 - Level 1.3 Conjurations
 + Level 11.3 Air Magic


You had 7 spell levels left.
You knew the following spells:

 Your Spells              Type           Power      Damage    Failure   Level
a - Shock                 Conj/Air       92%        1d8       1%          1
b - Airstrike             Air            19%        N/A       1%          4
c - Poisonous Vapours     Pois/Air       40%        N/A       2%          2

Your spell library contained the following spells:

 Spells                   Type           Power      Damage    Failure   Level
 Static Discharge         Conj/Air       23%        N/A       1%          2
 Swiftness                Air            38%        N/A       1%          3
 Sting                    Tmut/Pois      8%         1d3       19%         1
 Passwall                 Tmut/Erth      1%         N/A       26%         2
 Olgreb's Toxic Radiance  Pois           2%         N/A       87%         4
 Invisibility             Hex            1%         N/A       100%        6


Dungeon Overview and Level Annotations

Branches:
Dungeon (5/15)
 Temple: D:4-7

Altars:

Shops:
D:1 *   D:4 (


Innate Abilities, Weirdness & Mutations

You have a beak for a mouth.
You have claws for feet.
Your magical nature lets you fly swiftly and evasively.


Message History

You hit the bullfrog zombie. You claw the bullfrog zombie.
You peck the bullfrog zombie.
The bullfrog zombie is moderately damaged.
The bullfrog zombie hits you.
You hit the bullfrog zombie. You claw the bullfrog zombie.
The bullfrog zombie is heavily damaged.
You feel a bit more experienced. The bullfrog zombie closely misses you.
The bullfrog zombie barely misses you.
You have reached level 8!
You feel agile.
You hit the bullfrog zombie. You claw the bullfrog zombie.
The bullfrog zombie is severely damaged.
The bullfrog zombie hits you.
You closely miss the bullfrog zombie. You claw the bullfrog zombie.
The bullfrog zombie is almost destroyed.
The bullfrog zombie hits you. The adder misses you.
The bullfrog zombie hits you.
* * * LOW HITPOINT WARNING * * *
Unknown command.
The bullfrog zombie barely misses you. The bullfrog zombie hits you.
* * * LOW HITPOINT WARNING * * *
The adder barely misses you.
Unknown command.
Unknown command.
Casting: Shock (safe; 1% risk of failure)
Confirm with . or Enter, or press ? or * to list all spells.
Okay, then.
It was a potion of degeneration.
There was something very wrong with that liquid.
You feel weakened.
You feel dopey.
You feel clumsy. The bullfrog zombie misses you. The adder bites you.
* * * LOW HITPOINT WARNING * * *
Unknown command.
It was a potion of might.
You feel very mighty all of a sudden. The bullfrog zombie hits you.
* * * LOW HITPOINT WARNING * * *
The adder barely misses you. The bullfrog zombie hits you.
You die...

#.##.#.# #.......#.# #.# #......#
#.#.#.#.#.# ###.##### ###...##
#.#.#.#.#.# #.......# ##.....##
#.#.#...#.# #.#.###.#
##.......###.#..##.#.# #.#.##..#
##.........##.#...#.#.###.#.#...#
.'.<.......'.........).†.........
##.........####Z..#.#######.#...#
##.......##...S@....# ##.##.##
##.....###.#######.# #......#
##...## #.# ###.# ##.##.## ##'##
#.# #...# ####.# #.# #.# #...#
#># #.# #O# #...# #.# ######.##
#S# ###.# ####### ....#...##
#.#######.######...... ###......#
#.....OS..).##...S..#.


You could see an adder and a bullfrog zombie.

Vanquished Creatures
  2 necrophages
  2 ogres (D:5)
  A phantom (D:5)
  2 water moccasin skeletons (D:4)
  A centaur zombie (D:5)
  A bullfrog skeleton (D:4)
  3 hounds
  A jelly (D:5)
  A centaur skeleton (D:5)
  Ijyb (D:5)
  4 gnolls (D:4)
  4 adders
  A worm (D:3)
  2 dart slugs (D:1)
  An orc (D:5)
  4 bats
  5 endoplasms
  8 giant cockroaches
  7 goblins
  6 hobgoblins
  6 quokkas
  2 ball pythons
  4 frilled lizards
  3 kobolds
  7 rats
79 creatures vanquished.

Notes
Turn   | Place    | Note
-------+----------+-------------------------------------------
     0 | D:1      | quinnr the Tengu Air Elementalist began the quest for the
                  | Orb.
     0 | D:1      | Reached XP level 1. HP: 10/10 MP: 4/4
   346 | D:1      | Reached XP level 2. HP: 15/15 MP: 0/6
   435 | D:1      | Found Wicufin's Assorted Antiques.
   458 | D:1      | Bought a scroll labelled YTETO ZAWNO for 28 gold pieces
   607 | D:1      | Reached skill level 5 in Air Magic
  1001 | D:1      | Reached XP level 3. HP: 11/19 MP: 3/7
  1265 | D:1      | Found a faded altar of an unknown god.
  2721 | D:2      | Reached skill level 6 in Air Magic
  2829 | D:3      | Reached XP level 4. HP: 24/24 MP: 5/8
  3604 | D:4      | Noticed a necrophage
  3627 | D:3      | Killed a necrophage
  3628 | D:3      | Reached skill level 7 in Air Magic
  3628 | D:3      | Gained mutation: Your magical nature lets you fly swiftly
                  | and evasively. [Tengu growth]
  3628 | D:3      | Reached XP level 5. HP: 20/28 MP: 0/10
  3990 | D:4      | Reached skill level 8 in Air Magic
  3990 | D:4      | Reached XP level 6. HP: 16/32 MP: 1/11
  4384 | D:4      | Learned a level 4 spell: Airstrike
  4571 | D:4      | Learned a level 2 spell: Poisonous Vapours
  5311 | D:4      | Found Oxuirghee's Antique Weapon Shop.
  5323 | D:4      | Noticed a necrophage
  5331 | D:4      | Killed a necrophage
  5332 | D:4      | Reached skill level 9 in Air Magic
  5422 | D:4      | Reached XP level 7. HP: 36/36 MP: 2/12
  5738 | D:5      | Entered Level 5 of the Dungeon
  5790 | D:5      | Noticed Ijyb
  5804 | D:5      | Killed Ijyb
  5808 | D:5      | Reached skill level 10 in Air Magic
  6213 | D:5      | Reached skill level 11 in Air Magic
  7114 | D:5      | Reached XP level 8. HP: 23/41 MP: 1/14
  7119 | D:5      | HP: 2/41 [bullfrog zombie (6)]
  7119 | D:5      | Slain by a bullfrog zombie

Illustrated notes

Levels and vault maps discovered:
D:1:      minmay_arrival_jagged, layout_basic, serial_shops, shop,
          hellmonk_ecumenical_altar_zigzags
D:2:      layout_basic
D:3:      layout_rooms
D:4:      layout_layer_cave, serial_shops, nicolae_diamond_shop
D:5:      minmay_opposing_rooms, layout_loops_corners, minivault_5, uniq_ijyb

Skill      XL: |  1  2  3  4  5  6  7 |
---------------+----------------------+-----
Air Magic      | 5 6 7 8 9 11 | 11.3
Spellcasting   | 3 |  3.5
Dodging        | |  2.1
Stealth        | |  2.0
Conjurations   | |  1.3

Action                   |  1- 3 |  4- 6 |  7- 9 || total
-------------------------+-------+-------+-------++-------
Melee: Unarmed           |     6 |       |       ||     6
       Kick              |     2 |       |     8 ||    10
       Whip              |       |     3 |    19 ||    22
       Peck              |       |       |     4 ||     4
 Cast: Shock             |    88 |    92 |     4 ||   184
       Poisonous Vapours |       |     7 |     3 ||    10
       Airstrike         |       |     4 |    14 ||    18
  Use: Scroll            |       |     1 |     4 ||     5
       Potion            |       |       |     2 ||     2
Armor: Robe              |     4 |     1 |     2 ||     7
Dodge: Dodged            |    12 |    17 |    24 ||    53

Table legend: (Time is in decaauts)
 A = Elapsed time spent in this place.
 B = Non-inter-level travel time spent in this place.
 C = Inter-level travel time spent in this place.
 D = Time resting spent in this place.
 E = Time spent auto-exploring this place.
 F = Levels seen in this place.
 G = Mean time per level.
                   A        B        C        D        E       F      G
               +--------+--------+--------+--------+--------+-----+--------+
         Total |   6925 |   6756 |    169 |   1151 |   5029 |   5 | 1385.0 |
       Dungeon |   6925 |   6756 |    169 |   1151 |   5029 |   5 | 1385.0 |
               +--------+--------+--------+--------+--------+-----+--------+

Top non-repeatable levels by time:
     D:4: 1590 daAuts
     D:1: 1565 daAuts
     D:2: 1260 daAuts
     D:5: 1260 daAuts
     D:3: 1248 daAuts
